 Dungeon Crawl Stone Soup version 0.28-a0-983-g1de4e0787c (webtiles) character file.

Game seed: 13548883587753387386

2000 Sabo the Chopper (level 9, 0/69 HPs)
             Began as a Formicid Fighter on Dec 1, 2021.
             Was an Elder of Trog.
             Succumbed to a water moccasin's poison
             ... on level 7 of the Dungeon on Dec 2, 2021.
             The game lasted 00:40:22 (9404 turns).

Sabo the Chopper (Formicid Fighter)                 Turns: 9404, Time: 00:40:23

Health: 0/69       AC: 10    Str: 22    XL:     9   Next: 45%
Magic:  4/9        EV:  8    Int:  9    God:    Trog [****..]
Gold:   337        SH:  5    Dex: 12    Spells: 8/8 levels left

rFire   . . .      SeeInvis +   I - +3 spear
rCold   . . .      Faith    .   c - +0 buckler
rNeg    . . .      Spirit   +   z - +0 chain mail
rPois   .          Reflect  .   (helmet unavailable)
rElec   .          Harm     .   (no cloak)
rCorr   .          Rampage  .   (no gloves)
Will    .....                   (no boots)
Stlth   ..........              r - amulet of guardian spirit
HPRegen 0.21/turn               o - ring of flight
MPRegen 0.11/turn               (no ring)

@: lethally poisoned (0 -> -1), flying
A: permanent stasis, dig shafts and tunnels, antennae 3, four strong arms
a: Dig, Shaft Self, Renounce Religion, Trog's Hand, Brothers in Arms


You were on level 7 of the Dungeon.
You worshipped Trog.
Trog was greatly pleased with you.
You visited 1 branch of the dungeon, and saw 7 of its levels.
You also visited: Sewer and Ossuary.

You collected 337 gold pieces.

Inventory:

Hand Weapons
 a - a +0 war axe
 m - a +0 hunting sling
 I - a +3 spear (weapon)
Missiles
 e - 6 atropa-tipped darts
 f - 29 sling bullets
 g - 90 arrows
 i - 6 poisoned darts
 n - 37 bolts
Armour
 c - a +0 buckler (worn)
 z - a +0 chain mail (worn)
Jewellery
 o - a ring of flight (left hand)
 r - an amulet of guardian spirit (around neck)
 D - an amulet of the acrobat
Wands
 t - a wand of paralysis (3)
 w - a wand of iceblast (7)
 G - a wand of mindburst (3)
Scrolls
 b - 2 scrolls of magic mapping
 k - 2 scrolls of enchant weapon
 q - 2 scrolls of fear
 y - a scroll of blinking {unknown}
 A - a scroll of enchant armour {unknown}
 H - a scroll of torment {unknown}
 J - a scroll of identify
Potions
 d - 2 potions of might
 h - a potion of mutation {unknown}
 j - 4 potions of lignification {unknown}
 l - a potion of magic {unknown}
 p - 2 potions of heal wounds
 s - 2 potions of curing {unknown}
 u - 5 potions of degeneration {unknown}
 v - 3 potions of berserk rage {unknown}
 x - a potion of invisibility {unknown}
 B - a potion of ambrosia {unknown}
 C - 2 potions of attraction {unknown}
 E - 2 potions of brilliance {unknown}
Miscellaneous
 F - a tin of tremorstones (2/2)


   Skills:
 + Level 6.2 Fighting
 + Level 7.8 Axes
 + Level 0.9(4.9) Polearms
 + Level 7.1 Armour
 + Level 1.7 Dodging
 + Level 1.1 Stealth
 + Level 6.1 Shields


You had 8 spell levels left.
You didn't know any spells.
Your spell library was empty.

Dungeon Overview and Level Annotations

Branches:
Dungeon (7/15)             Temple (0/1) D:7           Sewer (visited)
Ossuary (visited)

Altars:
Nemelex Xobeh
Qazlal
Ru
Trog
Vehumet
Yredelemnul


Innate Abilities, Weirdness & Mutations

You cannot be hasted, slowed, berserked, paralysed or teleported.
You can dig through walls and to a lower floor.
You have a pair of large antennae on your head. (SInv)
Your four strong arms can wield two-handed weapons with a shield.


Message History

You barely miss the water moccasin.
The water moccasin is moderately wounded.
* * * LOW HITPOINT WARNING * * *
You feel sick.
The water moccasin bites you but does no damage.
You hit the water moccasin.
The water moccasin is heavily wounded.
* * * LOW HITPOINT WARNING * * *
You feel sick.
The water moccasin bites you but does no damage.
You puncture the water moccasin!
The water moccasin is severely wounded.
* * * LOW HITPOINT WARNING * * *
You feel sick.
The water moccasin bites you but does no damage.
You barely miss the water moccasin.
The water moccasin is severely wounded.
* * * LOW HITPOINT WARNING * * *
You feel sick. The water moccasin misses you.
You closely miss the water moccasin.
The water moccasin is severely wounded.
* * * LOW HITPOINT WARNING * * *
You feel sick.
The water moccasin bites you but does no damage.
The water moccasin barely misses you.
You hit the water moccasin.
The water moccasin is almost dead.
* * * LOW HITPOINT WARNING * * *
You feel sick. You block the water moccasin's attack.
You hit the water moccasin.
You kill the water moccasin!
Trog accepts your kill.
* * * LOW HITPOINT WARNING * * *
You feel sick.
* * * LOW HITPOINT WARNING * * *
You feel sick.
You see here a water moccasin corpse.
* * * LOW HITPOINT WARNING * * *
You feel sick.
You die...

............#
............+
............#
............#
............#
####
......!.....#
####...
............#
#.#<.⌠. #.#
#.##... #@#
#..#### #.#
########......
#.#
#.............
#.#
#.############
#.# #.# . #.#
#[# ##### #.
#.#
#.##.......##.
#.#
#)#...#.#...#.
#.#
#...#.....#...


There were no monsters in sight!

Vanquished Creatures
  2 water moccasins
  2 ice beasts (D:7)
  A necrophage (D:6)
  A kobold brigand (Sewer)
  A wyvern skeleton (D:7)
  2 scorpions
  5 water moccasin zombies (Ossuary)
  A water moccasin skeleton (D:5)
  4 wights (D:6)
  3 howler monkeys
  2 bullfrog zombies
  2 hounds
  An orc priest (D:4)
  2 centaur skeletons
  An iguana (D:7)
  5 orc wizards
  A hound zombie (D:5)
  2 mummies (Ossuary)
  A howler monkey zombie (D:7)
  4 adders
  3 gnolls (D:5)
  3 river rats
  A shadow imp (D:6)
  2 white imps
  An ufetubus (D:4)
  7 adder zombies (Ossuary)
  3 worms
  2 dart slugs (D:1)
  18 orcs
  8 ball pythons
  7 endoplasms
  3 giant cockroaches
  9 goblins
  6 hobgoblins
  A jackal (Sewer)
  10 kobolds
  4 quokkas
  3 bats
  5 frilled lizards
  A gnoll zombie (Ossuary)
  7 hobgoblin zombies (Ossuary)
  5 kobold zombies (Ossuary)
  3 orc zombies (Ossuary)
  8 rats
163 creatures vanquished.

Notes
Turn   | Place    | Note
-------+----------+-------------------------------------------
     0 | D:1      | Sabo the Formicid Fighter began the quest for the Orb.
     0 | D:1      | Reached XP level 1. HP: 18/18 MP: 1/1
   131 | D:1      | Reached XP level 2. HP: 24/24 MP: 2/2
   311 | D:1      | Found a faded altar of an unknown god.
   323 | D:1      | Prayed at the altar of an unknown god.
   323 | D:1      | Became a worshipper of Trog the Wrathful
   323 | D:1      | Reached * piety under Trog
   597 | D:1      | Reached XP level 3. HP: 29/29 MP: 3/3
  1943 | D:2      | Reached XP level 4. HP: 24/37 MP: 4/4
  2081 | D:2      | Reached ** piety under Trog
  2353 | D:3      | Found a glowing drain.
  2357 | Sewer    | Entered a sewer
  2367 | Sewer    | HP: 1/37 [river rat (8)]
  2369 | Sewer    | Reached XP level 5. HP: 1/42 MP: 5/5
  2803 | Sewer    | Noticed a kobold brigand
  2815 | Sewer    | Killed a kobold brigand
  2946 | Sewer    | Found a white marble altar of Elyvilon.
  3283 | D:3      | Reached XP level 6. HP: 47/49 MP: 6/6
  4169 | D:4      | Reached skill level 5 in Armour
  5385 | D:4      | Found a bloodstained altar of Trog.
  5599 | D:4      | You are sucked into a shaft and drop 3 floors!
  5610 | D:7      | Found a radiant altar of Vehumet.
  5637 | D:7      | Reached XP level 7. HP: 51/55 MP: 5/7
  5919 | D:7      | Found a sacrificial altar of Ru.
  6212 | D:7      | Found a staircase to the Ecumenical Temple.
  6231 | D:6      | Noticed a water moccasin
  6253 | D:6      | HP: 1/55 [poisoned by a water moccasin]
  6262 | D:6      | Killed a water moccasin
  6263 | D:6      | Reached skill level 5 in Fighting
  6263 | D:6      | Reached skill level 5 in Axes
  6263 | D:6      | Reached skill level 1 in Stealth
  6468 | D:5      | Entered Level 5 of the Dungeon
  6468 | D:5      | Found a sand-covered staircase.
  6473 | Ossuary  | Entered an ossuary
  6568 | Ossuary  | Reached XP level 8. HP: 62/62 MP: 8/8
  6637 | Ossuary  | Reached skill level 1 in Dodging
  6652 | Ossuary  | Reached *** piety under Trog
  6903 | D:5      | Found a basalt altar of Yredelemnul.
  7587 | D:5      | Reached skill level 5 in Shields
  7940 | D:6      | Reached XP level 9. HP: 69/69 MP: 9/9
  8377 | D:6      | Found a sparkling altar of Nemelex Xobeh.
  8483 | D:6      | Upgraded the game from 0.28-a0-973-ga7f8b01127 to
                  | 0.28-a0-983-g1de4e0787c
  8715 | D:6      | Found a stormy altar of Qazlal.
  8849 | D:6      | Reached **** piety under Trog
  9401 | D:7      | HP: 3/69 [poisoned by a water moccasin]
  9403 | D:7      | HP: 1/69 [poisoned by a water moccasin]
  9404 | D:7      | Succumbed to a water moccasin's poison

Illustrated notes

Levels and vault maps discovered:
D:1:      evilmike_arrival_home_sweet_home, layout_basic,
          basic_ecumenical_altar, fountainhead
D:2:      layout_loops_ring, minmay_misc_feat_room, kennysheep_boxes
D:3:      layout_loops_ring, gup_sewer_entry_spiral
D:4:      layout_cave_pods, lemuel_round_altar, grunt_decor_mini_mirrors,
          minmay_hedge_maze
D:5:      layout_basic, lemuel_crystal_altar,
          lightli_ossuary_entry_decrepit_ruins
D:6:      layout_rooms, nemelex_diamond_rough_becter, grunt_qazlal_sundering
D:7:      layout_basic, nicolae_ru_sacrificial_ziggurat,
          nicolae_vehumet_radiance, nicolae_gozag_seed_capital,
          minmay_temple_entry_from_below_b, grunt_ministairs_4, uniq_duvessa

Skill      XL: |  1  2  3  4  5  6  7  8  9 |
---------------+----------------------------+-----
Shields        | 4 5 6 |  6.1
Axes           | 3 4 5 7 |  7.8
Armour         | 4 5 6 7 |  7.1
Fighting       | 4 5 6 |  6.2
Stealth        | 1 |  1.1
Dodging        | 1 |  1.7
Polearms       | |  0.9

Action                   |  1- 3 |  4- 6 |  7- 9 || total
-------------------------+-------+-------+-------++-------
Melee: War axe           |    91 |   159 |   355 ||   605
       Spear             |       |       |    67 ||    67
Invok: Trog's Hand       |       |       |     1 ||     1
 Abil: Dig               |     1 |    16 |     6 ||    23
       Shaft Self        |       |     1 |       ||     1
  Use: Scroll            |       |     5 |     4 ||     9
       Potion            |       |       |     2 ||     2
Armor: Scale mail        |    41 |    82 |     6 ||   129
       Chain mail        |       |       |   194 ||   194
Dodge: Dodged            |    36 |    91 |   147 ||   274
Block: Buckler           |    23 |    36 |    95 ||   154

Table legend: (Time is in decaauts)
 A = Elapsed time spent in this place.
 B = Non-inter-level travel time spent in this place.
 C = Inter-level travel time spent in this place.
 D = Time resting spent in this place.
 E = Time spent auto-exploring this place.
 F = Levels seen in this place.
 G = Mean time per level.
                   A        B        C        D        E       F      G
               +--------+--------+--------+--------+--------+-----+--------+
         Total |   9575 |   9575 |      0 |   3230 |      0 |   9 | 1063.9 |
       Dungeon |   8362 |   8362 |      0 |   2610 |      0 |   7 | 1194.6 |
         Sewer |    769 |    769 |      0 |    481 |      0 |   1 |  769.0 |
       Ossuary |    443 |    443 |      0 |    139 |      0 |   1 |  443.0 |
               +--------+--------+--------+--------+--------+-----+--------+

Top non-repeatable levels by time:
     D:4: 1505 daAuts
     D:6: 1418 daAuts
     D:2: 1334 daAuts
     D:3: 1135 daAuts
     D:5: 1056 daAuts
     D:1: 966 daAuts
     D:7: 945 daAuts
   Sewer: 769 daAuts
 Ossuary: 443 daAuts
